 Dungeon Crawl Stone Soup version 0.25-a0-292-gaa31f046c4 (webtiles) character file.

Game seed: 15276778742605148608, levelgen mode: deterministic

9071 MrRokkomies the Fighter (level 11, -5/171 HPs)
             Began as an Ogre Hunter on Dec 15, 2019.
             Was an Elder of Hepliaklqana.
             Slain by a yak (9 damage)
             ... on level 10 of the Dungeon.
             The game lasted 00:35:08 (10387 turns).

MrRokkomies the Fighter (Ogre Hunter)              Turns: 10387, Time: 00:35:09

Health: -5/171     AC:  7    Str: 23    XL:     11   Next: 40%
Magic:  0/11       EV: 13    Int: 12    God:    Hepliaklqana [****..]
Gold:   565        SH:  0    Dex: 12    Spells: 5/10 levels left

rFire    . . .     SeeInvis .   a - +2 quarterstaff (pain)
rCold    . . .     Gourm    .   (shield currently unavailable)
rNeg     . . .     Faith    .   J - +0 troll leather armour
rPois    .         Spirit   +   (helmet restricted)
rElec    .         Reflect  .   o - +1 cloak
rCorr    .         Harm     .   (gloves unavailable)
MR       +....                  (boots unavailable)
Stlth    ..........             D - amulet of guardian spirit
HPRegen  0.78/turn              (no ring)
MPRegen  0.12/turn              t - +6 ring of slaying

@: berserking (expiring), very quick
A: large, unfitting armour, reduced essence, tough skin 1
a: Recall Ancestor, Ancestor Identity, Transference, Idealise, Renounce Religion


You were on level 10 of the Dungeon.
You worshipped Hepliaklqana.
Hepliaklqana was greatly pleased with you.
You were not hungry.

You visited 1 branch of the dungeon, and saw 10 of its levels.

You collected 565 gold pieces.

Inventory:

Hand Weapons
 a - a +2 quarterstaff of pain (weapon)
 m - a +0 glaive
 H - a +1 trident
Missiles
 c - 5 large rocks
 d - 3 throwing nets
 g - 411 stones
 l - 8 boomerangs (quivered)
 n - 25 poisoned darts
 I - 4 silver boomerangs
Armour
 o - a +1 cloak (worn)
 J - a +0 troll leather armour (worn)
Magical Staves
 C - an uncursed staff of cold
Jewellery
 j - an uncursed ring of ice
 t - a +6 ring of slaying (right hand)
 w - an uncursed ring of wizardry
 D - an amulet of guardian spirit (around neck)
 F - the amulet of Xiroti {Faith -Tele rElec rPois Str+6}
   (You took it off a kobold on level 7 of the Dungeon)

   [amulet of faith]

   It allows you to gain divine favour quickly.
   It affects your strength (+6).
   It insulates you from electricity.
   It protects you from poison.
   It prevents most forms of teleportation.
Wands
 E - a wand of random effects (19)
 G - a wand of acid (7)
Scrolls
 i - 5 scrolls of remove curse
 k - 6 scrolls of identify
 u - 3 scrolls of teleportation
 v - 3 scrolls of enchant armour
 y - 2 scrolls of amnesia
Potions
 e - 3 potions of lignification
 h - a potion of berserk rage
 p - 2 potions of brilliance
 q - 3 potions of magic
 s - a potion of agility
 x - a potion of heal wounds {unknown}
 z - 3 potions of mutation
 A - 2 potions of curing {unknown}
 B - a potion of cancellation
Comestibles
 f - 15 rations


   Skills:
 * Level 13.6 Fighting
 - Level 4.4(5.4) Polearms
 + Level 4.8(5.6) Staves
 - Level 9.0 Throwing
 + Level 7.0 Dodging
 - Level 0.6 Stealth
 * Level 4.7 Necromancy


You had 5 spell levels left.
You knew the following spells:

 Your Spells              Type           Power        Failure   Level  Hunger
a - Confusing Touch       Hex            #.....       36%         1    ##.....
b - Animate Skeleton      Necr           N/A          5%          1    ##.....
c - Searing Ray           Conj           #.....       50%         2    ###....
d - Summon Butterflies    Summ           #.......     36%         1    ##.....

Your spell library contained the following spells:

 Spells                   Type           Power        Failure   Level  Hunger
 Apportation              Tloc           #.....       36%         1    ##.....
 Magic Dart               Conj           #...         36%         1    ##.....
 Summon Small Mammal      Summ           #...         36%         1    ##.....
 Call Imp                 Summ           #.......     50%         2    ###....
 Call Canine Familiar     Summ           #.......     75%         3    ####...
 Dazzling Flash           Conj/Hex       #.....       75%         3    ####...
 Summon Guardian Golem    Hex/Summ       #.......     75%         3    ####...
 Fulminant Prism          Conj/Hex       #.........   98%         4    #####..
 Iskenderun's Mystic Bla  Conj/Tloc      #.......     98%         4    #####..
 Summon Ice Beast         Ice/Summ       #.......     98%         4    #####..
 Summon Lightning Spire   Summ/Air       #.......     98%         4    #####..
 Summon Mana Viper        Hex/Summ       #.......     100%        5    ######.
 Summon Hydra             Summ           #.........   100%        7    #######


Dungeon Overview and Level Annotations

Branches:
Dungeon (10/15)            Temple (0/1) D:4             Orc (0/2) D:9
   Lair: D:8-11

Altars:
Ashenzari
Cheibriados
Fedhas
Gozag
Hepliaklqana
Okawaru
Qazlal
Ru
Sif Muna
Trog
Vehumet
Wu Jian
Xom
Zin
The Shining One

Shops:
D:4 :?%


Innate Abilities, Weirdness & Mutations

You are too large for most types of armour.
You have tough skin. (AC +1)
Your life essence is reduced to manifest your ancestor. (-10% HP)


Message History

Reactivating autopickup.
Your Dodging skill increases to level 7!
You feel a bit more experienced.
You bludgeon the bullfrog!!
You kill the bullfrog!
You sock the yak!
The yak is heavily wounded.
You bludgeon the yak!!
You kill the yak!
You completely miss the yak. You bludgeon the yak!!
The yak writhes in agony.
The yak is severely wounded.
The yak gores you!
* * * LOW HITPOINT WARNING * * *
You bludgeon the yak!!
You kill the yak!
You sock the yak!
The yak writhes in agony.
The yak is moderately wounded.
The yak gores you!
You die...

...# #............#
...# ###............#
...###.'..Y.........#
<..'..Y#.h..†.......#
†.h#####....Y.......#
...# #.........oh..#
h### #.########Y####
. #.# #Y# ...#.# ##@#
P..P.## ##..# .P....P
#..##
PPP....####'#####
.PP.PP......R...#
.P.PP.P..)..)...#
P.PP.P...†......#
.PPPP..(.(......#
..P...P.<.......#


You could see 2 yaks, a black bear and an orc.

Vanquished Creatures
  An unseen horror (D:10)
  A troll (D:9)
  A hippogriff (D:8)
  Sigmund (D:3)
  Eustachio (D:6)
  8 yaks
  3 hungry ghosts (D:8)
  Menkaure (D:6)
  A two-headed ogre zombie (D:9)
  A porcupine (D:9)
  5 phantoms
  An ice beast (D:7)
  4 orc warriors
  A sky beast (D:6)
  2 black bears
  2 ogres
  A centaur (D:5)
  A big kobold (D:9)
  12 bullfrogs
  Dowan (D:5)
  2 scorpions
  6 wights
  3 howler monkeys
  A bullfrog zombie (D:7)
  5 crimson imps
  2 jellies
  2 quasits
  A gnoll shaman (D:8)
  6 hounds
  6 orc priests
  2 hexers
  An iguana (D:7)
  11 orc wizards
  5 worker ants
  4 ogre zombies (D:9)
  9 gnolls
  11 adders
  6 shadow imps
  2 oozes
  An adder zombie (D:4)
  5 adder skeletons
  3 worms (D:2)
  A dart slug (D:2)
  2 leopard geckos
  20 orcs
  6 bats
  A bat zombie (D:2)
  4 giant cockroaches
  7 hobgoblins
  20 kobolds
  A quokka (D:3)
  3 ball pythons
  A ball python zombie (D:2)
  4 frilled lizards
  5 goblins
  4 goblin zombies (D:9)
  2 hobgoblin skeletons (D:9)
  A hobgoblin zombie (D:9)
  2 leopard gecko skeletons (D:2)
  3 orc skeletons (D:9)
  13 orc zombies (D:9)
  A quokka zombie (D:8)
  10 rats
  A plant (D:7)
255 creatures vanquished.

Vanquished Creatures (collateral kills)
  Joseph (D:7)
  A wraith (D:9)
  Duvessa (D:5)
  An ice beast (D:8)
  A black bear (D:9)
  3 sky beasts
  2 ogres
  A centaur (D:10)
  A big kobold (D:7)
  2 wights
  2 howler monkeys
  A crimson imp (D:9)
  2 orc wizards
  3 ogre zombies (D:9)
  A worker ant zombie (D:5)
  4 gnolls
  A river rat (D:3)
  A shadow imp (D:9)
  A leopard gecko (D:4)
  6 orcs
  2 bat zombies (D:2)
  A giant cockroach (D:3)
  A goblin (D:3)
  2 bats
  10 kobolds
  2 orc zombies (D:9)
54 creatures vanquished.

Vanquished Creatures (others)
  7 hexers
  3 ancestors
  An orc (D:7)
  16 fungi (D:10)
  5 plants (D:10)
32 creatures vanquished.

Grand Total: 341 creatures vanquished

Notes
Turn   | Place    | Note
-------+----------+-------------------------------------------
     0 | D:1      | MrRokkomies the Ogre Hunter began the quest for the Orb.
     0 | D:1      | Reached XP level 1. HP: 22/22 MP: 1/1
    87 | D:1      | Reached skill level 3 in Fighting
   248 | D:1      | Reached XP level 2. HP: 31/31 MP: 2/2
   650 | D:2      | Reached XP level 3. HP: 23/37 MP: 3/3
  1069 | D:2      | Found a hazy altar of Hepliaklqana.
  1124 | D:2      | Became a worshipper of Hepliaklqana the Forgotten
  1215 | D:2      | Reached skill level 4 in Fighting
  1215 | D:2      | Reached XP level 4. HP: 36/43 MP: 4/4
  1522 | D:2      | Reached skill level 5 in Throwing
  1522 | D:2      | Reached XP level 5. HP: 49/49 MP: 5/5
  1626 | D:2      | Reached * piety under Hepliaklqana
  2080 | D:3      | Reached skill level 5 in Fighting
  2220 | D:3      | Found a shimmering altar of Xom.
  2416 | D:3      | Found an opulent altar of Gozag.
  2570 | D:3      | Found a bloodstained altar of Trog.
  2599 | D:3      | Noticed Sigmund
  2602 | D:3      | Killed Sigmund
  2602 | D:3      | Reached skill level 6 in Fighting
  2602 | D:3      | Reached XP level 6. HP: 37/60 MP: 6/6
  2842 | D:4      | Found Diryppem's Magic Scroll Boutique.
  2884 | D:4      | Found a shattered altar of Ashenzari.
  2936 | D:4      | Found a staircase to the Ecumenical Temple.
  2971 | D:4      | Found Kasici Zowk's Book Boutique.
  2987 | D:4      | Found a stormy altar of Qazlal.
  2990 | D:4      | Reached ** piety under Hepliaklqana
  2991 | D:4      | Remembered your ancestor Agathocles as a hexer
  2998 | D:4      | Found Ewextiet's Food Shoppe.
  3321 | D:4      | Found a radiant altar of Vehumet.
  3355 | D:5      | Entered Level 5 of the Dungeon
  3357 | D:5      | Reached XP level 7. HP: 68/68 MP: 7/7
  3408 | D:5      | Reached skill level 1 in Polearms
  3435 | D:5      | Noticed Dowan
  3436 | D:5      | Noticed Duvessa
  3448 | D:5      | Killed Duvessa
  3448 | D:5      | Reached skill level 7 in Fighting
  3456 | D:5      | Killed Dowan
  3495 | D:5      | Reached XP level 8. HP: 36/79 MP: 8/8
  3570 | D:5      | Learned a level 1 spell: Confusing Touch
  3631 | D:5      | Found a sacrificial altar of Ru.
  3742 | D:5      | Reached skill level 8 in Fighting
  3758 | D:5      | Found a snail-covered altar of Cheibriados.
  3836 | D:5      | Found a shimmering altar of Xom.
  3849 | D:5      | Found a shimmering altar of Xom.
  3850 | D:5      | Found a shimmering altar of Xom.
  3851 | D:5      | Found a shimmering altar of Xom.
  3855 | D:5      | Found a shimmering altar of Xom.
  4192 | D:6      | Noticed Menkaure
  4199 | D:6      | Killed Menkaure
  4539 | D:6      | Reached skill level 9 in Fighting
  4625 | D:6      | Reached XP level 9. HP: 88/88 MP: 9/9
  4707 | D:6      | Found a blossoming altar of Fedhas.
  4831 | D:6      | Noticed Eustachio
  4858 | D:6      | Reached *** piety under Hepliaklqana
  4886 | D:6      | Killed Eustachio
  5433 | D:7      | Reached skill level 10 in Fighting
  5496 | D:7      | Reached skill level 5 in Dodging
  5593 | D:7      | Noticed Joseph
  6122 | D:7      | Identified the amulet of Xiroti {Faith -Tele rElec rPois
                  | Str+6}
  6311 | D:7      | Killed Joseph
  6415 | D:7      | Learned a level 1 spell: Animate Skeleton
  6481 | D:7      | Found an iron altar of Okawaru.
  6505 | D:7      | Reached skill level 1 in Staves
  6514 | D:7      | Reached XP level 10. HP: 54/99 MP: 5/10
  6518 | D:7      | Reached skill level 1 in Necromancy
  7025 | D:8      | Reached skill level 11 in Fighting
  7315 | D:8      | Reached **** piety under Hepliaklqana
  8392 | D:9      | Found a staircase to the Orcish Mines.
  8458 | D:8      | Reached skill level 12 in Fighting
  9608 | D:9      | Found a glowing golden altar of the Shining One.
  9608 | D:9      | Found a shimmering blue altar of Sif Muna.
  9610 | D:9      | Found a glowing silver altar of Zin.
  9705 | D:9      | Found an ornate altar of the Wu Jian Council.
  9739 | D:9      | Reached XP level 11. HP: 101/113 MP: 11/11
  9763 | D:9      | Reached skill level 13 in Fighting
 10170 | D:10     | Entered Level 10 of the Dungeon
 10221 | D:9      | Learned a level 2 spell: Searing Ray
 10283 | D:10     | Learned a level 1 spell: Summon Butterflies
 10380 | D:10     | Killed an unseen horror
 10385 | D:10     | HP: 3/171 [yak (12)]
 10387 | D:10     | Slain by a yak

Levels and vault maps discovered:
D:1:      mrwooster_arrival_statue_3, layout_rooms, hangedman_decor_slide_cut
D:2:      layout_loops_cross, old_standard_altar, serial_undead,
          serial_undead_f, serial_undead_c, serial_undead_e, serial_undead_d,
          serial_undead_d, serial_undead_c, serial_undead_a,
          chequers_decorated_corner, hangedman_abyss_or_decor_lesser_grid,
          hangedman_glass_teeth
D:3:      layout_basic, lightli_temple_of_fire, marbit_many_paths,
          gup_sewer_entry_bowl, grunt_gozag_statues, uniq_sigmund
D:4:      layout_loops_ring, kennysheep_mini_moat, grunt_qazlal_sundering,
          old_standard_altar, minmay_temple_entry_slanted, serial_shops, shop,
          shop, shop
D:5:      layout_basic, hangedman_ru_absence, lemuel_coloured_pillars_altar,
          first_ration, xom_redecorated, uniq_duvessa
D:6:      layout_basic, fedhas_altar_2, kennysheep_windowed_goal, uniq_menkaure,
          uniq_eustachio
D:7:      kennysheep_kobold_camp, layout_basic, old_standard_altar, uniq_joseph
D:8:      layout_basic, eino_small_chamber_without_monster
D:9:      layout_rooms, lemuel_round_altar, gammafunk_temple_overflow_claw,
          zombieorc2_lemuel
D:10:     layout_roguey, due_lair_maze_entry_diamond

Skill      XL: |  1  2  3  4  5  6  7  8  9 10 11 |
---------------+----------------------------------+-----
Fighting       | 3 4 6 7 9 10 12 13 | 13.6
Dodging        | 2 3 4 5 6 7 |  7.0
Throwing       | 5 6 7 9 |  9.0
Polearms       | 2 3 4 |  4.4
Staves         | 1 3 4 |  4.8
Necromancy     | 3 4 |  4.7
Stealth        | |  0.6

Action                   |  1- 3 |  4- 6 |  7- 9 | 10-12 || total
-------------------------+-------+-------+-------+-------++-------
Melee: Short sword       |     9 |       |       |       ||     9
       Spear             |    77 |    83 |       |       ||   160
       Trident           |       |    77 |   250 |       ||   327
       Quarterstaff      |       |       |    30 |   300 ||   330
Throw: Stone             |    14 |       |       |       ||    14
       Boomerang         |    25 |    26 |    16 |    35 ||   102
       Large rock        |     1 |     4 |       |     1 ||     6
       Dart              |     4 |       |       |       ||     4
       Throwing net      |       |       |     1 |       ||     1
 Cast: Confusing Touch   |       |       |     2 |     6 ||     8
Invok: Recall Ancestor   |       |     1 |       |     1 ||     2
       Ancestor Life: He |       |     1 |       |       ||     1
  Use: Scroll            |     2 |     6 |    10 |     3 ||    21
       Potion            |       |       |       |     1 ||     1
 Stab: Sleeping          |     1 |     1 |     3 |       ||     5
       Distracted        |       |     1 |       |     2 ||     3
       Confused          |       |       |     4 |     8 ||    12
  Eat: Chunk             |     1 |     6 |     4 |     9 ||    20
       Ration            |       |       |     2 |     3 ||     5
Armor: Robe              |    26 |    45 |    67 |    49 ||   187
       Troll leather arm |       |       |       |    50 ||    50
Dodge: Dodged            |    60 |    79 |   126 |   212 ||   477

Table legend:
 A = Non-vault XP
 B = Vault XP
 C = Vault XP percentage of total XP
 D = Non-vault monster count
 E = Vault monster count
 F = Vault count percentage of total count
                 A         B        C        D         E       F
            +---------+---------+-------+---------+---------+-------
      Total |    9888 |    3071 |  23.7 |     223 |      83 |  27.1
            +---------+---------+-------+---------+---------+-------
        D:1 |      20 |       0 |   0.0 |      14 |       0 |   0.0
        D:2 |     154 |      19 |  11.0 |      29 |       8 |  21.6
        D:3 |      72 |     246 |  77.4 |      20 |       5 |  20.0
        D:4 |      50 |       0 |   0.0 |       8 |       0 |   0.0
        D:5 |     872 |     225 |  20.5 |      17 |       2 |  10.5
        D:6 |    1231 |     368 |  23.0 |      20 |       3 |  13.0
        D:7 |     844 |     603 |  41.7 |      28 |      22 |  44.0
        D:8 |    2472 |     301 |  10.9 |      42 |       2 |   4.5
        D:9 |    2525 |    1046 |  29.3 |      37 |      38 |  50.7
       D:10 |    1648 |     263 |  13.8 |       8 |       3 |  27.3
            +---------+---------+-------+---------+---------+-------
